 Dungeon Crawl Stone Soup version 0.21.1-1-g345015f (webtiles) character file.

3577 Mirai the Thaumaturge (level 9, -3/45 HPs)
             Began as a Deep Elf Conjurer on Mar 29, 2018.
             Was a Priest of Vehumet.
             Slain by a two-headed ogre
             ... wielding a +0 giant spiked club
              (25 damage)
             ... on level 8 of the Dungeon.
             The game lasted 00:31:49 (8075 turns).

Mirai the Thaumaturge (Deep Elf Conjurer)           Turns: 8075, Time: 00:31:50

Health: -3/45      AC: 11    Str:  5    XL:     9   Next: 84%
Magic:  0/26       EV: 11    Int: 24    God:    Vehumet [***...]
Gold:   265        SH:  0    Dex: 15    Spells: 16/31 levels left

rFire    . . .     SeeInvis .   f - +1 dagger (elec)
rCold    . . .     Gourm    .   (no shield)
rNeg     . . .     Faith    .   w - +0 leather armour {MR+}
rPois    .         Spirit   +   (no helmet)
rElec    .         Reflect  .   a - +1 cloak
rCorr    .         Harm     .   (no gloves)
MR       ++...                  (no boots)
Stlth    ++........             J - amulet of guardian spirit
HPRegen  0.15/turn              e - +6 ring of protection
MPRegen  0.20/turn              s - ring of protection from magic

@: drained
A: no striking features
a: Renounce Religion


You were on level 8 of the Dungeon.
You worshipped Vehumet.
Vehumet was most pleased with you.
You were not hungry.

You visited 2 branches of the dungeon, and saw 9 of its levels.
You also visited: Sewer and Ossuary.

You collected 265 gold pieces.

Inventory:

Hand Weapons
 d - a +4 dire flail
 f - a +1 dagger of electrocution (weapon)
 n - a +0 dagger of electrocution
Armour
 a - a +1 cloak (worn)
 w - a +0 leather armour of magic resistance (worn)
Jewellery
 e - a +6 ring of protection (left hand)
 j - a +5 ring of dexterity
 l - an uncursed ring of flight
 p - an uncursed ring of see invisible
 q - an uncursed amulet of faith
 s - a ring of protection from magic (right hand)
 y - an uncursed ring of magical power {unknown}
 J - an amulet of guardian spirit (around neck)
Scrolls
 g - 2 scrolls of teleportation
 h - 4 scrolls of identify
 k - 5 scrolls of remove curse
 A - 2 scrolls of fog {unknown}
 C - a scroll of random uselessness {unknown}
 D - a scroll of magic mapping
 E - a scroll of immolation
 G - a scroll of enchant weapon
 I - a scroll of amnesia {unknown}
Potions
 i - a potion of lignification {unknown}
 o - 4 potions of curing
 t - 3 potions of heal wounds {unknown}
 u - 4 potions of might {unknown}
 v - 2 potions of invisibility {unknown}
 x - a potion of flight {unknown}
 B - a potion of cancellation {unknown}
 F - a potion of brilliance {unknown}
Books
 b - a book of Conjurations

   Spells                             Type                      Level
   a - Magic Dart                     Conjuration                  1
   b - Searing Ray                    Conjuration                  2
   c - Dazzling Spray                 Conjuration/Hexes            3
   d - Fulminant Prism                Conjuration/Hexes            4
   e - Force Lance                    Conjuration/Translocation    4
   f - Iskenderun's Mystic Blast      Conjuration                  4
 z - a book of Necromancy

   Spells                             Type                      Level
   a - Pain                           Necromancy                   1
   b - Animate Skeleton               Necromancy                   1
   c - Vampiric Draining              Necromancy                   3
   d - Regeneration                   Charms/Necromancy            3
   e - Animate Dead                   Necromancy                   4
   f - Borgnjor's Vile Clutch         Necromancy/Earth             5
Comestibles
 c - 10 rations
 H - 7 chunks of flesh


   Skills:
 - Level 2.4(1.9) Dodging
 - Level 2.4(1.9) Stealth
 + Level 11.9(11.3) Spellcasting
 + Level 8.3(7.6) Conjurations
 + Level 8.2(7.6) Hexes
 * Level 6.4(5.8) Fire Magic


You had 16 spell levels left.
You knew the following spells:

 Your Spells              Type           Power        Failure   Level  Hunger
a - Magic Dart            Conj           ####         1%          1    None
b - Searing Ray           Conj           ######       1%          2    None
c - Iskenderun's Mystic   Conj           ######..     1%          4    None
d - Fulminant Prism       Conj/Hex       ######....   1%          4    None
e - Flame Tongue          Conj/Fire      #####        1%          1    None
f - Mephitic Cloud        Conj/Pois/Air  ####....     2%          3    None


Dungeon Overview and Level Annotations

Branches:
Dungeon (8/15)             Temple (1/1) D:6
   Lair: D:8-11

Altars:
Ashenzari
Cheibriados
Dithmenos
Elyvilon
Fedhas
Gozag
Hepliaklqana
Kikubaaqudgha
Makhleb
Nemelex Xobeh
Okawaru
Ru
Sif Muna
Trog
Uskayaw
Vehumet
Wu Jian
Xom
Yredelemnul
Zin
The Shining One

Shops:
D:7 *


Message History

The two-headed ogre resists with some effort.
Evoke which item? (* to show all) (? for menu, Esc to quit)
Aiming: Disintegrate
Press: ? - help, Shift-Dir - straight line, f/p - two-headed ogre
Aim: a two-headed ogre, wielding two giant spiked clubs (moderately wounded, chance to defeat MR: 48%)
The two-headed ogre is blasted.
Evoke which item? (* to show all) (? for menu, Esc to quit)
Aiming: Disintegrate
Press: ? - help, Shift-Dir - straight line, f/p - two-headed ogre
Aim: a two-headed ogre, wielding two giant spiked clubs (severely wounded, chance to defeat MR: 48%)
The two-headed ogre resists with some effort.
Evoke which item? (* to show all) (? for menu, Esc to quit)
Aiming: Disintegrate
Press: ? - help, Shift-Dir - straight line, f/p - two-headed ogre
Aim: a two-headed ogre, wielding two giant spiked clubs (severely wounded, chance to defeat MR: 48%)
The two-headed ogre is blasted.
The now-empty wand crumbles to dust.
The two-headed ogre closely misses you.
The two-headed ogre hits you with a giant spiked club!!
Ouch! That really hurt!
You die...

#.............#..........
#.####.#.###.#.#.#..).... ###
#......#.# #.#.#.###.)..# ..#
#..#####.# #.#.#.###....# #.#
#..# #.# #.......##.#.#
#.#######..#####.###.#.....##)#.#
..............................#.#
##.###.............#.#.....####.#
#.###.##.....#.@O.........*###.#
#........<........$.#.#.####...#
#####<###.....................)#
#.#*..#........######.##...#
#.#*.###.....#.#**###.###.##
#.#*,**##....#..,,..#.# #.#
#..,,,,....#.####*#.#.# #.#
###*,**###.....# #.#"# #.#
*,**###.#*#.####.#.###.#


You could see a two-headed ogre.

Vanquished Creatures
  An unseen horror (D:7)
  3 hippogriffs
  Prince Ribbit (D:5)
  An ice beast (D:6)
  A sky beast (D:7)
  A phantom (D:4)
  4 ogres
  3 big kobolds (Sewer)
  A bullfrog (D:6)
  Blork the orc (D:5)
  A water moccasin skeleton (D:7)
  2 scorpions
  9 wights
  2 jellies (D:6)
  An orc priest (D:6)
  A centaur skeleton (D:7)
  2 hounds
  An orc wizard (D:8)
  6 worker ants
  15 mummies
  14 adders
  A howler monkey skeleton (D:4)
  5 river rats
  3 shadow imps
  6 oozes
  An adder skeleton (D:6)
  4 worms
  2 dart slugs (D:2)
  3 leopard geckos
  6 orcs
  3 ball pythons
  4 bats
  3 giant cockroaches
  6 goblins (D:2)
  2 hobgoblins (D:3)
  12 jackals
  3 quokkas
  A frilled lizard (D:1)
  2 gnoll skeletons (Ossuary)
  2 goblin skeletons (Ossuary)
  9 kobolds
  3 kobold skeletons (Ossuary)
  An orc skeleton (Ossuary)
  14 rats
  11 rat skeletons (Ossuary)
178 creatures vanquished.

Vanquished Creatures (others)
  A fulminant prism (D:5)
1 creature vanquished.

Grand Total: 179 creatures vanquished

Notes
Turn   | Place    | Note
-------+----------+-------------------------------------------
     0 | D:1      | Mirai the Deep Elf Conjurer began the quest for the Orb.
     0 | D:1      | Reached XP level 1. HP: 10/10 MP: 6/6
   163 | D:2      | Reached skill level 4 in Spellcasting
   163 | D:2      | Reached XP level 2. HP: 13/15 MP: 0/9
   423 | D:2      | Learned a level 2 spell: Searing Ray
   429 | D:2      | Reached skill level 5 in Spellcasting
   429 | D:2      | Reached XP level 3. HP: 9/19 MP: 6/11
  1393 | D:3      | Found a faded altar of an unknown god.
  1457 | D:3      | Found a hide-covered altar of Uskayaw.
  1571 | D:3      | Reached skill level 6 in Spellcasting
  1571 | D:3      | Reached XP level 4. HP: 24/24 MP: 10/14
  2061 | D:4      | Found a white marble altar of Elyvilon.
  2063 | D:4      | Found a sparkling altar of Nemelex Xobeh.
  2064 | D:4      | Found an iron altar of Okawaru.
  2143 | D:4      | Reached skill level 7 in Spellcasting
  2250 | D:4      | Reached XP level 5. HP: 28/28 MP: 12/16
  2378 | D:4      | Noticed a phantom
  2391 | D:4      | Killed a phantom
  2391 | D:4      | Reached skill level 8 in Spellcasting
  2525 | D:4      | Noticed an ogre
  2545 | D:4      | Killed an ogre
  2545 | D:4      | Reached XP level 6. HP: 9/32 MP: 11/19
  2555 | D:4      | Reached skill level 9 in Spellcasting
  2853 | D:4      | Found a shadowy altar of Dithmenos.
  3178 | D:5      | Entered Level 5 of the Dungeon
  3184 | D:5      | Learned a level 4 spell: Iskenderun's Mystic Blast
  3189 | D:5      | Learned a level 4 spell: Fulminant Prism
  3325 | D:5      | Reached skill level 1 in Hexes
  3412 | D:5      | Noticed Blork the orc
  3417 | D:5      | Noticed Prince Ribbit
  3418 | D:5      | Killed Blork the orc
  3424 | D:5      | Killed Prince Ribbit
  3424 | D:5      | Reached skill level 5 in Conjurations
  3424 | D:5      | Reached XP level 7. HP: 15/36 MP: 3/22
  4039 | D:5      | Reached skill level 10 in Spellcasting
  4294 | D:6      | Found a staircase to the Ecumenical Temple.
  4303 | Temple   | Entered the Ecumenical Temple
  4521 | Temple   | Became a worshipper of Vehumet
  4583 | D:6      | Noticed a hippogriff
  4591 | D:6      | Killed a hippogriff
  4591 | D:6      | Reached skill level 5 in Hexes
  4591 | D:6      | Reached XP level 8. HP: 27/41 MP: 14/24
  4835 | D:6      | Found a sacrificial altar of Ru.
  4878 | D:6      | Found an ancient bone altar of Kikubaaqudgha.
  5046 | D:6      | Found a glowing drain.
  5064 | Sewer    | Entered a sewer
  5422 | Sewer    | Reached * piety under Vehumet
  5422 | Sewer    | Offered knowledge of Flame Tongue by Vehumet.
  5433 | Sewer    | Learned a level 1 spell: Flame Tongue
  5585 | Sewer    | Reached skill level 1 in Fire Magic
  5791 | Sewer    | Reached skill level 11 in Spellcasting
  6433 | D:7      | Found Hebbucon's General Store.
  6475 | D:7      | Reached XP level 9. HP: 45/45 MP: 19/26
  6549 | D:7      | Found a shimmering altar of Xom.
  6553 | D:7      | Noticed an angel
  6553 | D:7      | Offered knowledge of Sandblast by Vehumet.
  6655 | D:7      | Found a glowing silver altar of Zin.
  6754 | D:7      | Reached ** piety under Vehumet
  6889 | D:7      | Found a glowing golden altar of the Shining One.
  6915 | D:7      | Noticed an unseen horror
  6921 | D:7      | Killed an unseen horror
  6921 | D:7      | Reached skill level 5 in Fire Magic
  7359 | D:8      | Found a sand-covered staircase.
  7368 | Ossuary  | Entered an ossuary
  7485 | Ossuary  | Offered knowledge of Mephitic Cloud by Vehumet.
  7493 | Ossuary  | Learned a level 3 spell: Mephitic Cloud
  7895 | D:8      | Reached *** piety under Vehumet
  8059 | D:8      | Noticed a two-headed ogre
  8075 | D:8      | Slain by a two-headed ogre

Skill      XL: |  1  2  3  4  5  6  7  8  9 |
---------------+----------------------------+-----
Spellcasting   | 4 5 6 7 8 9 10 11 | 11.9
Hexes          | 3 5 6 8 |  8.2
Conjurations   | 5 6 7 8 |  8.3
Fire Magic     | 3 6 |  6.4
Dodging        | |  2.4
Stealth        | |  2.4

Action                   |  1- 3 |  4- 6 |  7- 9 || total
-------------------------+-------+-------+-------++-------
Melee: Unarmed           |    20 |       |       ||    20
       Dagger            |     9 |       |    37 ||    46
 Cast: Magic Dart        |    61 |    21 |    41 ||   123
       Searing Ray       |     2 |    17 |    94 ||   113
       Fulminant Prism   |       |       |     1 ||     1
       Flame Tongue      |       |       |    45 ||    45
       Iskenderun's Myst |       |       |    15 ||    15
Evoke: Wand              |       |       |     5 ||     5
  Use: Scroll            |     2 |     7 |     3 ||    12
       Potion            |       |     1 |       ||     1
 Stab: Sleeping          |     1 |       |       ||     1
  Eat: Chunk             |     2 |     1 |    12 ||    15
       Ration            |       |     1 |     1 ||     2
Armor: Robe              |    26 |     1 |       ||    27
       Leather armour    |       |     1 |    89 ||    90
Dodge: Dodged            |    65 |    11 |   105 ||   181
